AoeStats
← BigOleGiraffe

Arena

509886368Analyzed
1v1 RM · 5d ago on Sep 28, 2026· 76m 34s· 2 players
Game mode
Random Map
Map size
Tiny (2 player)
Population
200
Speed
Normal
Resources
Standard
Victory
Conquest
Starting age
Dark Age
Ending age
Imperial Age
RankedLock teamsTeams togetherTeam positionsShared explorationLock speedFull tech treeHidden civsTurbo modeCheats
Victory
Defeat
🇺🇸 Bohemians · United States
1153
+15
🇨🇦 Khmer · Canada
1127
-15
BigOleGiraffe
9:41 Feudal Age
13:42 Castle Age
12:20 Double-Bit Axe
20:49 Bow Saw
21:55 Wheelbarrow
21:08 Horse Collar
21:39 Light Cavalry
22:37 Devotion
22:06 Elite Skirmisher
24:30 Ballistics
24:09 Fletching
24:19 Padded Archer Armor
25:31 Bodkin Arrow
25:49 Husbandry
28:02 Hand Cart
29:17 Scale Barding Armor
29:22 Forging
29:52 Bloodlines
29:58 Heavy Plow
32:10 Chain Barding Armor
32:00 Forging
32:36 Stone Mining
32:36 Gold Mining
35:49 Imperial Age
33:05 Loom
33:06 Town Watch
34:30 Iron Casting
34:16 Fortified Wall
34:18 Masonry
36:26 Stone Shaft Mining
36:26 Gold Shaft Mining
36:10 Leather Archer Armor
35:52 Heavy Scorpion
37:28 Siege Engineers
38:08 Town Patrol
40:15 Chemistry
39:27 Hussar
40:44 Plate Barding Armor
40:10 Bracer
41:21 Ring Archer Armor
46:47 Blast Furnace
46:47 Double Crossbow
47:08 Conscription
Ultros
9:14 Feudal Age
8:37 Loom
13:09 Castle Age
11:21 Double-Bit Axe
15:45 Chemistry
20:42 Fervor
22:00 Bow Saw
21:32 Horse Collar
23:05 Wheelbarrow
24:12 Heavy Plow
25:31 Town Watch
26:39 Padded Archer Armor
29:29 Imperial Age
28:13 Fletching
28:40 Leather Archer Armor
29:33 Bodkin Arrow
30:30 Conscription
32:48 Two-Man Saw
35:50 Ring Archer Armor
36:15 Ballistics
35:33 Pikeman
36:30 Halberdier
37:11 Squires
37:58 Scale Mail Armor
38:08 Forging
38:28 Hand Cart
40:50 Chain Mail Armor
41:11 Iron Casting
43:28 Houfnice
45:35 Siege Engineers
45:40 Masonry
45:26 Murder Holes
49:47 Wagenburg Tactics
52:58 Elite Hussite Wagon
54:44 Bracer
55:15 Plate Mail Armor
55:45 Blast Furnace
55:59 Hussite Reforms
58:54 Elite Skirmisher
65:53 Architecture
65:34 Fortified Wall
66:11 Scale Barding Armor
68:22 Sanctity
68:05 Atonement
68:20 Block Printing
71:13 Town Patrol
71:34 Chain Barding Armor
77:05 Husbandry
76:25 Light Cavalry
Connection lost

Rejoining the realm…

Still unreachable

The connection could not be restored.

Session expired

The server has moved on; the page needs a fresh start.